Map: Lost and Found LE

Players

Андрей - Winner!

  • Race: Zerg Zerg
  • League: Platinum
  • Spawn Location: 7:00

Swatopluke

  • Race: Protoss Protoss
  • League: Platinum
  • Spawn Location: 1:00

VOD

Have the link to the VOD?

Description

Time

  • Played on: Nov. 12, 2018, 1:19 p.m.
  • Length: 2:30
Show
View Real Time Build Order
Export as new Build Order

Андрей Zerg - Winner!

Build Orders: Pool First 

Get SALT Encoding   

  12  0:01  Drone  
  13  0:08  Drone  
  14  0:25  Extractor  
  13  0:30  Spawning Pool  
  13  0:32  Drone  
  13  0:36  Drone  
  14  0:44  Overlord  
  14  1:03  Drone  
  15  1:17  Zergling x4  
  17  1:19  Queen, Zergling x2  
  20  1:31  Zergling x2  
  21  1:44  Zergling x2  
  22  2:02  Hatchery  
Show
View Real Time Build Order
Export as new Build Order

Swatopluke Protoss 

Build Orders: 1 Gate Expand 

Get SALT Encoding   

  12  0:01  Probe  
  13  0:13  Probe  
  14  0:21  Pylon  
  14  0:25  Probe  
  15  0:36  Probe  
  15  0:40  Gateway  
  16  0:44  Probe  
  16  0:46  Assimilator  
  17  0:53  Probe  
  18  1:05  Probe  
  19  1:17  Probe  
  20  1:28  Nexus  
  20  1:36  Cybernetics Core  
  20  1:45  Probe  
  21  1:51  Assimilator  
  20  1:57  Probe  
  21  2:06  Pylon  
  21  2:09  Probe  
  22  2:23  Pylon  
Tags
 
Add a new tag
Caveats
  • Supply blocks, unpowered buildings, or Contaminate may cause inaccurate times.
  • Supply counts are checked every 10 seconds.